 Dungeon Crawl Stone Soup version 0.23-a0-182-g58cdd98 (webtiles) character file.

1597 it the Cleaver (level 8, -11/56 HPs)
             Began as a Demonspawn Gladiator on Sept 20, 2018.
             Was a Believer of Okawaru.
             Mangled by a gnoll
             ... wielding a +0 flail
              (12 damage)
             ... on level 6 of the Dungeon.
             The game lasted 00:07:29 (6548 turns).

it the Cleaver (Demonspawn Gladiator)               Turns: 6548, Time: 00:07:29

Health: -11/56     AC:  3    Str: 18    XL:     8   Next: 62%
Magic:  11/11      EV: 13    Int: 11    God:    Okawaru [**....]
Gold:   276        SH:  0    Dex: 18    Spells: 7/7 levels left

rFire    . . .     SeeInvis .   a - +1 war axe
rCold    . . .     Gourm    .   (no shield)
rNeg     . . .     Faith    .   b - +0 leather armour
rPois    .         Spirit   .   (helmet restricted)
rElec    .         Reflect  .   r - scarf {repulsion}
rCorr    .         Harm     .   (no gloves)
MR       +....                  (no boots)
Stlth    ++........             q - amulet of rage
HPRegen  0.18/turn              A - +2 ring of intelligence
MPRegen  0.12/turn              m - ring of protection from magic

@: about to teleport, repel missiles
A: horns 1, thin skeletal structure 2, demonic guardian 1
a: Heroism, Renounce Religion, Evoke Berserk Rage


You were on level 6 of the Dungeon.
You worshipped Okawaru.
Okawaru was pleased with you.
You were not hungry.

You visited 1 branch of the dungeon, and saw 7 of its levels.

You collected 276 gold pieces.

Inventory:

Hand Weapons
 a - a +1 war axe (weapon)
Missiles
 d - 3 throwing nets (quivered)
Armour
 b - a +0 leather armour (worn)
 c - a +0 helmet
 r - a scarf of repulsion (worn)
Jewellery
 h - an uncursed ring of fire
 m - a ring of protection from magic (right hand)
 q - an amulet of rage (around neck)
 A - a +2 ring of intelligence (left hand)
Wands
 y - a wand of iceblast (4)
 C - a wand of disintegration (10)
 E - a wand of clouds (5)
Scrolls
 e - 2 scrolls of immolation {unknown}
 g - 6 scrolls of identify {unknown}
 l - 6 scrolls of teleportation
 n - 4 scrolls of remove curse {unknown}
 p - 3 scrolls of magic mapping {unknown}
 t - 2 scrolls of random uselessness {unknown}
 w - a scroll of fog {unknown}
 B - a scroll of noise {unknown}
 F - a scroll of fear {unknown}
Potions
 k - a potion of mutation {unknown}
 o - a potion of haste {unknown}
 s - a potion of ambrosia {unknown}
 u - a potion of agility {unknown}
 v - a potion of curing {unknown}
 x - a potion of lignification
 z - a potion of magic {unknown}
Comestibles
 f - 16 rations


   Skills:
 - Level 2.0 Fighting
 + Level 9.0 Axes
 - Level 1.7 Throwing
 - Level 2.6 Dodging
 * Level 5.0 Invocations
 * Level 3.6 Evocations


You had 7 spell levels left.
You didn't know any spells.
Your spell library was empty.

Dungeon Overview and Level Annotations

Branches:
Dungeon (7/15)             Temple (0/1) D:6

Altars:
Cheibriados
Nemelex Xobeh
Okawaru
Trog
Yredelemnul

Shops:
D:5 }([

Annotations:
D:6 Prince Ribbit


Innate Abilities, Weirdness & Mutations

You have a pair of small horns on your head.
You have a moderately thin skeletal structure. (Dex +4, Stealth+)
A weak demonic guardian rushes to your aid.


Message History

You headbutt the gnoll, but do no damage.
You hit the orc warrior but do no damage.
You barely miss the gnoll. You hit the kobold.
You kill the kobold!
Okawaru accepts your kill. The gnoll hits you!
The orc warrior hits you with a glaive!!
* * * LOW HITPOINT WARNING * * *
Prince Ribbit croaks regally.
The gnoll hits you with a flail.
* * * LOW HITPOINT WARNING * * *
Unknown command.
Unknown command.
You hit the gnoll. Your headbutt misses the gnoll.
The gnoll is moderately wounded.
You hit the orc warrior. You closely miss the gnoll. You slash Prince Ribbit!
Prince Ribbit misses you. The gnoll misses you.
The orc warrior barely misses you. Prince Ribbit closely misses you.
The gnoll barely misses you. The gnoll hits you with a flail!
You die...

.#
#.########.##.......#
.# #.# ##.##.#.#...#
.# #.# ##...........#
## #.#
##.........#..# ##.#
#.......##.#..# #..#
#.......##.#..# #.##
#.......##....# #.#
##..Fg..##...## #.#
#...@#.#....# #.#
#..go#......# #.#
#..#.###....# #.#
#..#.###....# #.#
#...........#
#.########.#####.#.##
#..........# #.#.#
#.....##########.#.#
##.##...(..........#


You could see Prince Ribbit, an orc warrior and 2 gnolls.

Vanquished Creatures
  Sigmund (D:5)
  Duvessa (D:5)
  2 orc warriors
  An eye of draining (D:6)
  2 centaurs (D:6)
  2 bullfrogs
  A scorpion (D:6)
  3 crimson imps
  A hound (D:6)
  A centaur skeleton (D:6)
  An iguana (D:4)
  2 orc priests
  A bullfrog skeleton (D:4)
  2 orc wizards
  2 worker ants (D:5)
  3 gnolls (D:5)
  9 adders
  An ooze (D:3)
  An adder skeleton (D:2)
  An adder zombie (D:5)
  4 dart slugs
  3 worms
  5 leopard geckos
  14 orcs
  5 giant cockroaches
  11 goblins
  7 hobgoblins
  13 jackals
  5 kobolds
  7 quokkas
  6 bats
  5 frilled lizards
  26 rats
149 creatures vanquished.

Vanquished Creatures (collateral kills)
  A black bear (D:5)
  Dowan (D:5)
  A jelly (D:5)
  2 adders (D:3)
  A jackal (D:5)
6 creatures vanquished.

Grand Total: 155 creatures vanquished

Notes
Turn   | Place    | Note
-------+----------+-------------------------------------------
     0 | D:1      | it the Demonspawn Gladiator began the quest for the Orb.
     0 | D:1      | Reached XP level 1. HP: 16/16 MP: 1/1
   102 | D:1      | Reached skill level 3 in Axes
   276 | D:1      | Gained mutation: You have a somewhat thin skeletal
                  | structure. (Dex +2, Stealth) [demonic ancestry]
   276 | D:1      | Reached XP level 2. HP: 13/22 MP: 2/2
   985 | D:2      | Gained mutation: You have a moderately thin skeletal
                  | structure. (Dex +4, Stealth+) [demonic ancestry]
   985 | D:2      | Reached XP level 3. HP: 25/27 MP: 3/3
  1104 | D:2      | Reached skill level 4 in Axes
  1347 | D:2      | Gained mutation: A weak demonic guardian rushes to your
                  | aid. [demonic ancestry]
  1347 | D:2      | Reached XP level 4. HP: 17/33 MP: 4/4
  1922 | D:3      | Reached skill level 5 in Axes
  1955 | D:2      | HP: 1/33 [poisoned by an adder]
  2350 | D:3      | Found a basalt altar of Yredelemnul.
  2360 | D:3      | Reached XP level 5. HP: 27/38 MP: 5/5
  2465 | D:3      | Found an iron altar of Okawaru.
  2475 | D:3      | Became a worshipper of Warmaster Okawaru
  2851 | D:3      | Reached skill level 1 in Invocations
  3466 | D:4      | Found a snail-covered altar of Cheibriados.
  3478 | D:4      | Reached skill level 1 in Evocations
  3560 | D:4      | Reached XP level 6. HP: 40/44 MP: 7/7
  3671 | D:4      | Reached skill level 6 in Axes
  3930 | D:5      | Entered Level 5 of the Dungeon
  4035 | D:5      | Noticed Sigmund
  4055 | D:5      | Killed Sigmund
  4055 | D:5      | Reached * piety under Okawaru
  4055 | D:5      | Gained mutation: You have a pair of small horns on your
                  | head. [demonic ancestry]
  4055 | D:5      | Reached XP level 7. HP: 16/50 MP: 7/9
  4278 | D:5      | Noticed Duvessa
  4278 | D:5      | Noticed Dowan
  4293 | D:5      | Killed Duvessa
  4293 | D:5      | Reached skill level 7 in Axes
  4294 | D:5      | Killed Dowan
  5136 | D:5      | Reached ** piety under Okawaru
  5175 | D:5      | Found a bloodstained altar of Trog.
  5182 | D:5      | Reached XP level 8. HP: 31/56 MP: 10/10
  5334 | D:5      | Found Ovy Uwal's Armour Emporium.
  5417 | D:5      | Found Tibiukyps's Antique Weapon Emporium.
  5452 | D:5      | Found Xiron's Gadget Shoppe.
  5497 | D:6      | Reached skill level 8 in Axes
  5976 | D:6      | Found a staircase to the Ecumenical Temple.
  6168 | D:6      | Reached skill level 9 in Axes
  6219 | D:6      | Found a sparkling altar of Nemelex Xobeh.
  6249 | D:6      | Found a bloodstained altar of Trog.
  6396 | D:7      | Noticed Prince Ribbit
  6398 | D:7      | Reached skill level 5 in Invocations
  6547 | D:6      | HP: 2/56 [orc warrior/glaive (18)]
  6548 | D:6      | Mangled by a gnoll

Vault maps used:
D:1:      giann_bridges
D:2:      minmay_misc_feat_rows
D:3:      okawaru_gym_becter, gup_sewer_entry_glass, yredelemnul_altar_generic
D:4:      kennysheep_goblin_castle, kennysheep_slug_shrine, minmay_rat_hole
D:5:      black_bear_nest_2, basic_altar, serial_shops, shop,
          kennysheep_mini_moat, shop, first_ration, uniq_sigmund, uniq_duvessa
D:6:      lightli_temple_of_fire, minmay_temple_entry_hall,
          nemelex_diamond_rough_becter
D:7:      serial_shops, nicolae_shop_overgrown_old_shop, grunt_decor_resistance,
          hex_tiny, doesnt_xom_only_xom, uniq_harold, uniq_prince_ribbit1,
          uniq_joseph

Skill      XL: |  1  2  3  4  5  6  7  8 |
---------------+-------------------------+-----
Axes           | 3 4 5 6 7 9 |  9.0
Invocations    | 1 2 3 5 |  5.0
Evocations     | 1 2 3 |  3.6
Fighting       | |  2.0
Throwing       | |  1.7
Dodging        | |  2.6

Action                   |  1- 3 |  4- 6 |  7- 9 || total
-------------------------+-------+-------+-------++-------
Melee: War axe           |   112 |   169 |   139 ||   420
       Headbutt          |       |       |    35 ||    35
Evoke: Wand              |       |       |     3 ||     3
  Use: Potion            |       |     3 |     2 ||     5
       Scroll            |       |       |     2 ||     2
 Stab: Sleeping          |     4 |     4 |     7 ||    15
       Distracted        |       |       |     2 ||     2
  Eat: Chunk             |     1 |     8 |     9 ||    18
Armor: Leather armour    |    24 |    29 |    19 ||    72
       Skin              |       |    20 |       ||    20
Dodge: Dodged            |    89 |   133 |    84 ||   306
       Deflected         |       |     7 |     2 ||     9

Table legend:
 A = Non-vault XP
 B = Vault XP
 C = Vault XP percentage of total XP
 D = Non-vault monster count
 E = Vault monster count
 F = Vault count percentage of total count
                 A         B        C        D         E       F
            +---------+---------+-------+---------+---------+-------
      Total |    1612 |     670 |  29.4 |     114 |      41 |  26.5
            +---------+---------+-------+---------+---------+-------
        D:1 |      19 |       0 |   0.0 |      11 |       0 |   0.0
        D:2 |     130 |       0 |   0.0 |      30 |       0 |   0.0
        D:3 |     114 |      45 |  28.3 |      23 |       5 |  17.9
        D:4 |      55 |      83 |  60.1 |       4 |      32 |  88.9
        D:5 |     450 |     542 |  54.6 |      23 |       4 |  14.8
        D:6 |     792 |       0 |   0.0 |      20 |       0 |   0.0
        D:7 |      52 |       0 |   0.0 |       3 |       0 |   0.0
            +---------+---------+-------+---------+---------+-------
